 Dungeon Crawl Stone Soup version 0.26-a0-542-gbaa144ba5c (webtiles) character file.

2 GeoCrane the Ruffian (level 1, 16/16 HPs)
             Began as a Draconian Transmuter on Sept 27, 2015.
             Quit the game on level 1 of the Dungeon on Aug 17, 2020.
             The game lasted 00:04:47 (151 turns).

GeoCrane the Ruffian (Draconian Transmuter)          Turns: 151, Time: 00:04:48

Health: 16/16      AC:  4    Str: 12    XL:     1   Next: 25%
Magic:  3/3        EV: 12    Int: 13    God:
Gold:   11         SH:  0    Dex: 11    Spells: 3/4 levels left

rFire    . . .     SeeInvis .     - Unarmed
rCold    . . .     Faith    .   (no shield)
rNeg     . . .     Spirit   .   (armour unavailable)
rPois    .         Reflect  .   (helmet restricted)
rElec    .         Harm     .   (no cloak)
rCorr    .                      (no gloves)
MR       .....                  (no boots)
Stlth    +.........             (no amulet)
HPRegen  0.05/turn              (no ring)
MPRegen  0.08/turn              (no ring)

@: no status effects
A: unfitting armour, cold-blooded, AC +4
a: no special abilities


You were on level 1 of the Dungeon.
You visited 1 branch of the dungeon, and saw 1 of its levels.

You collected 11 gold pieces.

Inventory:

Hand Weapons
 e - a +0 hunting sling of freezing
Missiles
 a - 12 arrows
Comestibles
 c - a removed food
 d - 3 removed foods
 f - a removed food


   Skills:
 + Level 1.1 Fighting
 + Level 1.7 Dodging
 + Level 3.0 Unarmed Combat
 + Level 2.1 Spellcasting
 + Level 2.0 Transmutations


You had 3 spell levels left.
You knew the following spells:

 Your Spells              Type           Power        Failure   Level
a - Beastly Appendage     Tmut           #.....       11%         1

Your spell library contained the following spells:

 Spells                   Type           Power        Failure   Level
 Wereblood                Tmut           #.......     17%         2
 Spider Form              Tmut/Pois      #.........   45%         3
 Ice Form                 Ice/Tmut       #.......     86%         4
 Blade Hands              Tmut           #.........   97%         5


Dungeon Overview and Level Annotations

Branches:
Dungeon (1/15)

Altars:


Innate Abilities, Weirdness & Mutations

Your plain brown scales are hard. (AC +4)
You cannot fit into any form of body armour.
You are cold-blooded and may be slowed by cold attacks.


Message History

The rat barely misses you.
You closely miss the rat. The rat misses you.
You barely miss the rat.
Your tail-slap misses the rat.
The rat bites you but does no damage.
You completely miss the rat. You hit the rat.
You kill the rat!
You see here a rat corpse.
You butcher the rat corpse.
d - 3 chunks of flesh (gained 1) Welcome back, GeoCrane the Draconian Transmuter.
Press ? for a list of commands and other information.
You pick up a book of Changes and begin reading...
You add the spells Beastly Appendage, Wereblood, Spider Form, Ice Form and Blade Hands to your library.
Welcome back, GeoCrane the Draconian Transmuter.
Press ? for a list of commands and other information.
A frilled lizard comes into view.
The frilled lizard hisses angrily.
Unknown command.
Are you sure you want to abandon this character and quit the game? (Confirm with "yes".)

##...## ##.#..#
##+## ##.###.##
#.## ##.#
##.###.## #.
##.#.##
...###### ##.##
.l......#####.#
..............#
.#..##@#######
#.# #.# #.# #.#
..# ##. .


You could see a frilled lizard.

Vanquished Creatures
  A jackal (D:1)
  A rat (D:1)
2 creatures vanquished.

Notes
Turn   | Place    | Note
-------+----------+-------------------------------------------
     0 | D:1      | GeoCrane the Draconian Transmuter began the quest for the
                  | Orb.
     0 | D:1      | Reached XP level 1. HP: 16/16 MP: 3/3
   151 | D:1      | Quit the game

Illustrated notes

Levels and vault maps discovered:
D:1:      lightli_iron_boxes

Action                   || total
-------------------------++-------
Melee: Unarmed           ||    15
 Cast: Beastly Appendage ||     1

Table legend: (Time is in decaauts)
 A = Elapsed time spent in this place.
 B = Non-inter-level travel time spent in this place.
 C = Inter-level travel time spent in this place.
 D = Time resting spent in this place.
 E = Time spent auto-exploring this place.
 F = Levels seen in this place.
 G = Mean time per level.
                   A        B        C        D        E       F      G
               +--------+--------+--------+--------+--------+-----+--------+
         Total |    156 |    156 |      0 |      0 |     28 |   1 |  156.0 |
       Dungeon |    156 |    156 |      0 |      0 |     28 |   1 |  156.0 |
               +--------+--------+--------+--------+--------+-----+--------+

Top non-repeatable levels by time:
     D:1: 29 daAuts
Note: time per level data comes from an upgraded game and may be incomplete.
